 Dungeon Crawl Stone Soup version 0.27.1-1-g398f81649c (webtiles) character file.

Game seed: 7430356079464751454

631 Crownlay the Fighter (level 7, -1/72 HPs)
             Began as a Minotaur Monk on Sept 21, 2021.
             Succumbed to a water moccasin's poison
             ... on level 5 of the Dungeon.
             The game lasted 00:06:23 (3722 turns).

Crownlay the Fighter (Minotaur Monk)                Turns: 3722, Time: 00:06:24

Health: -1/72      AC:  5    Str: 16    XL:     7   Next: 24%
Magic:  6/6        EV: 17    Int:  7    God:
Gold:   283        SH:  0    Dex: 14    Spells: 6/6 levels left

rFire    + . .     SeeInvis .   a - +0 falchion
rCold    + . .     Faith    .   (no shield)
rNeg     . . .     Spirit   .   b - +0 robe
rPois    +         Reflect  .   f - +2 hat
rElec    +         Harm     .   l - +0 cloak
rCorr    +         Rampage  .   (no gloves)
Will     .....                  (no boots)
Stlth    ++........             (no amulet)
HPRegen  0.22/turn              h - +4 ring of evasion
MPRegen  0.10/turn              (no ring)

@: lethally poisoned (-1 -> -21), resistant
A: horns 2, retaliatory headbutt
a: no special abilities


You were on level 5 of the Dungeon.
You visited 1 branch of the dungeon, and saw 5 of its levels.

You collected 283 gold pieces.

Inventory:

Hand Weapons
 a - a +0 falchion (weapon)
Missiles
 g - 7 silver javelins (quivered)
Armour
 b - a +0 robe (worn)
 f - a +2 hat (worn)
 l - a +0 cloak (worn)
 p - a +0 scale mail
Jewellery
 e - a ring of resist corrosion
 h - a +4 ring of evasion (left hand)
 o - a ring of positive energy
Wands
 t - a wand of flame (13)
Scrolls
 c - a scroll of fog {unknown}
 i - a scroll of identify {unknown}
 m - a scroll of fear {unknown}
 n - 3 scrolls of torment {unknown}
 q - a scroll of teleportation {unknown}
 u - a scroll of holy word {unknown}
 v - a scroll of enchant weapon {unknown}
 w - a scroll of enchant armour {unknown}
Potions
 d - a potion of resistance
 j - 2 potions of magic {unknown}
 k - 2 potions of attraction {unknown}
 r - 2 potions of heal wounds {unknown}
 s - 2 potions of cancellation {unknown}
 x - a potion of haste {unknown}


   Skills:
 + Level 10.1 Fighting
 - Level 3.6 Long Blades
 - Level 3.2 Dodging
 - Level 1.5 Stealth


You had 6 spell levels left.
You didn't know any spells.
Your spell library contained the following spells:

 Spells                   Type           Power      Damage    Failure   Level
 Magic Dart               Conj           0%         1d3       43%         1
 Searing Ray              Conj           0%         3d3       56%         2
 Slow                     Hex            0%         N/A       56%         2
 Confusing Touch          Hex            0%         N/A       80%         3
 Vampiric Draining        Necr           0%         2d6       80%         3
 Fulminant Prism          Conj/Hex       0%         3d6       99%         4


Dungeon Overview and Level Annotations

Branches:
Dungeon (5/15)
 Temple: D:4-7

Altars:


Innate Abilities, Weirdness & Mutations

You have a pair of horns on your head.
You reflexively headbutt those who attack you in melee.


Message History

The plant is lightly damaged.
You feel sick. The water moccasin closely misses you. You furiously retaliate!
You headbutt the water moccasin. The water moccasin bites you.
You barely miss the water moccasin.
The water moccasin is moderately wounded.
You feel sick.
A nearby plant withers and dies.
The water moccasin barely misses you.
You hit the water moccasin.
The water moccasin is moderately wounded.
You feel sick. The water moccasin bites you!
You are more poisoned.
The water moccasin poisons you! The water moccasin bites you.
You are too injured to fight recklessly!
You are too injured to fight recklessly!
You are too injured to fight recklessly!
You are too injured to fight recklessly!
You are too injured to fight recklessly!
You slash the water moccasin!
You headbutt the water moccasin, but do no damage.
The water moccasin is severely wounded.
You feel very sick. The water moccasin bites you.
You hit the water moccasin but do no damage.
Your headbutt misses the water moccasin.
The water moccasin is severely wounded.
You feel very sick. The water moccasin bites you.
You are lethally poisoned!
The water moccasin poisons you! The water moccasin bites you!
* * * LOW HITPOINT WARNING * * *
You barely miss the water moccasin.
Your headbutt misses the water moccasin.
The water moccasin is severely wounded.
* * * LOW HITPOINT WARNING * * *
You feel very sick. The water moccasin bites you.
* * * LOW HITPOINT WARNING * * *
It was a potion of resistance.
You feel protected.
You die...

...PP# .....P# P..P...
..≈≈...♣### #. ≈≈≈≈....
...# #.≈♣≈≈≈...# .....##
#.P≈≈≈♣≈..# .......#
#..≈♣≈≈♣@# .......
♣....≈♣S# ......###
#..P≈.P.######...# .###
###.....###...P..####....
......P..#..P.≈.♣.##.....
####P..#.##≈.≈.≈≈.##.#)..
#####..P≈≈≈≈.≈.##.##.#
#...≈≈≈≈≈.†.#.##.#
#.#.≈.≈≈.≈)......#


You could see a water moccasin.

Vanquished Creatures
  A necrophage (D:5)
  An ogre (D:4)
  A phantom (D:4)
  A water moccasin skeleton (D:5)
  A howler monkey (D:4)
  A hound (D:5)
  A jelly (D:5)
  A bullfrog skeleton (D:3)
  An iguana (D:4)
  An orc wizard (D:3)
  A scorpion zombie (D:4)
  3 gnolls (D:4)
  2 adders
  An ufetubus (D:5)
  An adder skeleton (D:4)
  2 dart slugs
  6 orcs
  6 bats
  8 endoplasms
  3 giant cockroaches
  10 goblins
  4 hobgoblins
  5 kobolds
  4 quokkas
  5 ball pythons
  3 frilled lizards
  6 rats
80 creatures vanquished.

Vanquished Creatures (others)
  8 plants (D:5)
8 creatures vanquished.

Grand Total: 88 creatures vanquished

Notes
Turn   | Place    | Note
-------+----------+-------------------------------------------
     0 | D:1      | Crownlay the Minotaur Monk began the quest for the Orb.
     0 | D:1      | Reached XP level 1. HP: 19/19 MP: 0/0
    24 | D:1      | Reached skill level 4 in Fighting
    31 | D:1      | Reached XP level 2. HP: 3/28 MP: 1/1
   720 | D:1      | Reached skill level 5 in Fighting
   873 | D:1      | Reached XP level 3. HP: 36/36 MP: 2/2
  1252 | D:2      | Found a faded altar of an unknown god.
  2252 | D:3      | Reached skill level 6 in Fighting
  2252 | D:3      | Reached XP level 4. HP: 44/44 MP: 3/3
  2600 | D:3      | Reached skill level 7 in Fighting
  2600 | D:3      | Reached XP level 5. HP: 52/52 MP: 4/4
  3059 | D:4      | Noticed an ogre
  3060 | D:4      | Noticed a phantom
  3071 | D:4      | Killed an ogre
  3072 | D:4      | Reached skill level 8 in Fighting
  3072 | D:4      | Reached XP level 6. HP: 17/62 MP: 5/5
  3079 | D:4      | Reached skill level 9 in Fighting
  3530 | D:5      | Entered Level 5 of the Dungeon
  3560 | D:5      | Reached XP level 7. HP: 46/71 MP: 6/6
  3561 | D:5      | Reached skill level 10 in Fighting
  3722 | D:5      | Succumbed to a water moccasin's poison

Illustrated notes

Levels and vault maps discovered:
D:1:      sevenhm_arrival_forest_fort_small_3, layout_loops_ring
D:2:      layout_loops_corners, ebering_ecumenical_altar_ruins
D:3:      layout_loops_cross, columned_hall_lemuel
D:4:      layout_rooms, minmay_misc_feat_four_crosses, due_unseen_surprise
D:5:      layout_loops_ring, serial_shops, kennysheep_mini, serial_bayou,
          serial_bayou_pond_a, serial_bayou_ford_a, serial_bayou_pond_b,
          serial_bayou_lagoon_a

Skill      XL: |  1  2  3  4  5  6  7 |
---------------+----------------------+-----
Fighting       | 4 5 6 7 8 9 10 | 10.1
Long Blades    | |  3.6
Dodging        | |  3.2
Stealth        | |  1.5

Action                   |  1- 3 |  4- 6 |  7- 9 || total
-------------------------+-------+-------+-------++-------
Melee: Falchion          |    78 |    75 |    15 ||   168
       Headbutt          |    17 |    20 |     3 ||    40
Throw: Javelin           |       |     4 |       ||     4
  Use: Potion            |       |       |     1 ||     1
 Stab: Sleeping          |     6 |     2 |       ||     8
Armor: Robe              |    16 |    15 |     2 ||    33
Dodge: Dodged            |    47 |   101 |    11 ||   159
       Rpst.: Falchion   |    13 |    22 |     3 ||    38
